 Dungeon Crawl Stone Soup version 0.31-a0-691-g409c26aa35 (webtiles) character file.

Game seed: 12182543881123149644

775 Xavori the Sneak (level 7, -7/49 HPs)
             Began as an Octopode Chaos Knight on Sept 7, 2023.
             Was a Plaything of Xom.
             Splashed by a jelly's acid (12 damage)
             ... on level 5 of the Dungeon.
             The game lasted 00:06:44 (8381 turns).

Xavori the Sneak (Octopode Chaos Knight)            Turns: 8381, Time: 00:06:45

Health: -7/49      AC: -1    Str: 23    XL:     7   Next: 84%
Magic:  7/7        EV: 14    Int: 15    God:    Xom [.*....]
Gold:   142        SH:  0    Dex: 12    Spells: 6/6 levels left

rFire   . . .        o - +2 dagger of Responsibility {heavy, rF+ Str+2 Int-5}
rCold   + . .        (no shield)
rNeg    . . .        (helmet restricted)
rPois   .            (no amulet)
rElec   .            j - +6 ring of strength
rCorr   .            n - +6 ring of intelligence
SInv    +            (no ring)
Will    +....        (no ring)
Stlth   +++++        (no ring)
HPRegen 0.28/turn    (no ring)
MPRegen 0.10/turn    (no ring)
                     (no ring)

%: clarity
@: corroded
A: almost no armour, amphibious, 8 rings, camouflage 2, gelatinous body 1,
(nimble swimmer 1), tentacles, tentacle spike 2, iridescent scales 1, see
invisible, clarity, cold resistance 1, strong-willed 1, mutation resistance 1,
strong 1, heat vulnerability 1, MP-powered wands
a: Renounce Religion


You were on level 5 of the Dungeon.
You worshipped Xom.
You were a plaything of Xom.
You visited 1 branch of the dungeon, and saw 5 of its levels.

You collected 282 gold pieces.
You spent 140 gold pieces at shops.

Inventory:

Hand Weapons
 a - a +0 short sword of chaos
 o - the +2 dagger of Responsibility (weapon) {heavy, rF+ Str+2 Int-5}
   (You bought it in a shop on level 3 of the Dungeon)

   Str+2:     It affects your strength (+2).
   Int-5:     It affects your intelligence (-5).
   rF+:       It protects you from fire.
Armour
 l - a +1 tower shield
Jewellery
 g - the ring "Luddaps" {Fly Will+ Dex-4 SInv}
   (Xom gifted it to you on level 1 of the Dungeon)

   [ring of willpower]

   Dex-4:     It affects your dexterity (-4).
   Will+:     It increases your willpower.
   SInv:      It lets you see invisible.
   Fly:       It grants you flight.
 j - a +6 ring of strength (left tentacle)
 n - a +6 ring of intelligence (right tentacle)
Scrolls
 b - a scroll of butterflies
 d - a scroll of revelation
 e - 3 scrolls of identify {unknown}
 f - a scroll of enchant armour
 h - a scroll of immolation {unknown}
 i - 2 scrolls of poison
 q - a scroll of vulnerability {unknown}
Potions
 c - a potion of attraction {unknown}
 k - a potion of curing
 m - a potion of might {unknown}
 r - a potion of lignification {unknown}


   Skills:
 + Level 4.5 Fighting
 + Level 5.1 Short Blades
 + Level 4.3 Dodging
 + Level 7.3 Stealth


You had 6 spell levels left.
You didn't know any spells.
Your spell library contained the following spells:

 Spells                   Type           Power      Damage    Failure   Level
 Blink                    Tloc           0%         N/A       38%         2
 Lesser Beckoning         Tloc           0%         N/A       38%         2
 Momentum Strike          Conj/Tloc      0%         3d8       38%         2
 Dazzling Flash           Conj/Hex       0%         N/A       63%         3
 Volatile Blastmotes      Fire/Tloc      0%         2d10      63%         3
 Starburst                Conj/Fire      0%         6d3       100%        6
 Maxwell's Capacitive Co  Air            0%         ∞         100%        8


Dungeon Overview and Level Annotations

Branches:
Dungeon (5/15)
 Temple: D:4-7

Altars:
Cheibriados
Gozag
Nemelex Xobeh
Qazlal
Xom
The Shining One

Shops:
D:3 ([[(


Innate Abilities, Weirdness & Mutations

You cannot wear most types of armour.
You are amphibious.
You can wear up to eight rings at the same time.
Your skin blends seamlessly with your surroundings (Stealth++).
Your rubbery body absorbs attacks. (AC +1, EV +1)
((You are camouflaged when in or above water. (Stealth+)))
You have tentacles for arms and can constrict up to eight enemies at once.
One of your tentacles bears a nasty spike.
You are partially covered in iridescent scales. (AC +2)
You have supernaturally acute eyesight. (SInv)
You possess an exceptional clarity of mind.
Your flesh is cold resistant. (rC+)
You are strong-willed. (Will+)
You are somewhat resistant to further mutation.
Your muscles are strong. (Str +4, Int/Dex -1)
You are vulnerable to heat. (rF-)
You expend magic power (3 MP) to strengthen your wands.


Message History

You hit the centaur.
You kill the centaur!
Xom changes the scenery.
Nothing appears to happen.
The adder closely misses you.
The howler monkey hits you but does no damage.
A jelly comes into view.
Your Stealth skill increases to level 7!
You barely miss the adder. You grab the adder.
You pierce the adder!
The adder is almost dead.
You constrict the adder.
You kill the adder!
The howler monkey barely misses you.
You puncture the howler monkey! Your grab misses the howler monkey.
You pierce the howler monkey.
You squeeze the howler monkey.
The howler monkey is severely wounded.
The howler monkey hits you.
* * * LOW HITPOINT WARNING * * *
The howler monkey hits you but does no damage.
You hit the howler monkey.
You kill the howler monkey!
You see here an adder corpse.
You hear Xom's maniacal laughter.
The orc's +0 whip dances into the air!
The orc hits your +0 whip but does no damage.
The water moccasin barely misses your +0 whip.
The stone staircase leading up slides away as you move beside it!
The jelly closely misses you.
You feel a bit more experienced.
You can't go up here!
You barely miss the jelly.
You pierce the jelly!
The jelly is heavily wounded.
The jelly misses you.
You hit the jelly.
Your tentacles burn!
* * * LOW HITPOINT WARNING * * *
You squeeze the jelly.
The jelly is severely wounded.
The jelly hits you.
* * * LOW HITPOINT WARNING * * *
The acid corrodes you!
You are splashed with acid!
You die...
Xom laughs nastily!

*,,,,,,,,*,......,,......*,,,,**
*,**,,,,,,.......#....).##*,*,,*
*****,,,,,.......#........,*,,***
*,,*,,..So.............,,,**,,
**,,*,,...(.............,*,***,
***,,,,,,.........r.#.....,,,,,*,
*,,,,,,,*....#.#..#[......,,,,,,*
****,,,,*......##J..[.....,,,,,,*
*,**,,,.....#.@.#.......,,,,,,,
***,,,y........†.)......,,,,,**
***,,,,,,..##....#....#...,,,,,**
,,,,,,,,,,..#.#....#....##,,,,,,,
**,**,,,,,....#...##....#,,,,,,,,
*****,,,,...........#.##..,*,***,
**,,,,..#.......#..####**+****
**,**,,.#...#.##.#..##.*,,,,,**
***,****,**##.#.**#.**,*,*,8,8,*,


You could see a jelly and a river rat.

Vanquished Creatures
  A sky beast (D:4)
  An ogre (D:4)
  A centaur (D:5)
  4 killer bees (D:4)
  A howler monkey (D:5)
  A hound (D:4)
  A jelly (D:3)
  2 orc wizards
  5 gnolls
  6 adders
  A worm (D:4)
  A dart slug (D:2)
  3 orcs (D:4)
  5 ball pythons
  3 bats
  10 endoplasms
  2 giant cockroaches (D:2)
  9 goblins
  8 hobgoblins
  A jackal (D:2)
  6 kobolds
  9 quokkas
  9 rats
90 creatures vanquished.

Vanquished Creatures (collateral kills)
  An orc (D:5)
1 creature vanquished.

Grand Total: 91 creatures vanquished

Notes
Turn   | Place    | Note
-------+----------+-------------------------------------------
     0 | D:1      | Xavori the Octopode Chaos Knight began the quest for the
                  | Orb.
     0 | D:1      | Reached XP level 1. HP: 16/16 MP: 1/1
   141 | D:1      | Reached XP level 2. HP: 20/21 MP: 2/2
   199 | D:1      | XOM: 1-stop teleportation journey
   222 | D:1      | XOM: silly message
   584 | D:1      | XOM: give mutations
   584 | D:1      | Gained mutation: You are strong-willed. (Will+) [Xom's
                  | mischief]
   584 | D:1      | Gained mutation: Your spells are a little harder to cast,
                  | but a little more powerful. [Xom's mischief]
   584 | D:1      | Gained mutation: You are vulnerable to heat. (rF-) [Xom's
                  | mischief]
   584 | D:1      | Gained mutation: One of your tentacles bears a spike.
                  | [Xom's mischief]
   739 | D:1      | XOM: scenery: create altars
   893 | D:1      | Identified the ring "Luddaps" {Fly Will+ Dex-4 SInv} (Xom
                  | gifted it to you on level 1 of the Dungeon)
   893 | D:1      | XOM: god gift: ring "Luddaps" {Fly Will+ Dex-4 SInv}
  1230 | D:1      | XOM: give mutations
  1230 | D:1      | Gained mutation: You expend magic power (3 MP) to
                  | strengthen your wands. [Xom's grace]
  1230 | D:1      | Gained mutation: One of your tentacles bears a nasty spike.
                  | [Xom's grace]
  1230 | D:1      | Gained mutation: You have supernaturally acute eyesight.
                  | (SInv) [Xom's grace]
  1274 | D:1      | XOM: cloud trail
  1925 | D:1      | XOM: divination: detect creatures
  2019 | D:1      | XOM: summons 2 hostile demons
  2028 | D:2      | Reached XP level 3. HP: 21/26 MP: 3/3
  2738 | D:1      | XOM: torment (14/26 hp)
  2966 | D:1      | XOM: give mutations
  2966 | D:1      | Gained mutation: Your muscles are strong. (Str +4, Int/Dex
                  | -1) [Xom's grace]
  2966 | D:1      | Gained mutation: Your mind is acute. (Int +4, Str/Dex -1)
                  | [Xom's grace]
  2966 | D:1      | Gained mutation: You are robust. (+10% HP) [Xom's grace]
  2966 | D:1      | Gained mutation: You possess an exceptional clarity of
                  | mind. [Xom's grace]
  3191 | D:1      | XOM: give mutations
  3191 | D:1      | Lost mutation: Your spells are a little harder to cast, but
                  | a little more powerful. [Xom's mischief]
  3191 | D:1      | Lost mutation: You are robust. (+10% HP) [Xom's mischief]
  3191 | D:1      | Lost mutation: Your mind is acute. (Int +4, Str/Dex -1)
                  | [Xom's mischief]
  3194 | D:1      | XOM: scenery: summon butterflies
  3381 | D:1      | XOM is BORED!
  3381 | D:1      | XOM: summons 2 hostile demons
  3437 | D:2      | XOM: 2-stop teleportation journey
  3519 | D:2      | Reached skill level 1 in Stealth
  3692 | D:1      | XOM: god gift: scroll labelled XAER NYHYMYI {god gift}
  4032 | D:1      | XOM: divination: magic mapping
  4252 | D:1      | XOM: silly message
  4726 | D:1      | XOM: give mutations
  4726 | D:1      | Gained mutation: Your skin blends seamlessly with your
                  | surroundings (Stealth++). [Xom's grace]
  4726 | D:1      | Gained mutation: You are partially covered in iridescent
                  | scales. (AC +2) [Xom's grace]
  4726 | D:1      | Gained mutation: Your flesh is cold resistant. (rC+) [Xom's
                  | grace]
  4726 | D:1      | Gained mutation: You are somewhat resistant to further
                  | mutation. [Xom's grace]
  4761 | D:2      | XOM: 2-stop teleportation journey
  4883 | D:2      | Reached XP level 4. HP: 32/32 MP: 4/4
  5035 | D:2      | Found a faded altar of an unknown god.
  5138 | D:2      | Found a snail-covered altar of Cheibriados.
  5551 | D:3      | Reached skill level 2 in Stealth
  5685 | D:3      | Found Xaaklin's Antique Weapon Emporium.
  5697 | D:3      | Bought a faintly glowing dagger for 140 gold pieces
  5697 | D:3      | Identified the +2 dagger of Responsibility {heavy, rF+
                  | Str+2 Int-5} (You bought it in a shop on level 3 of the
                  | Dungeon)
  5772 | D:3      | Found Hirr's Antique Weapon Boutique.
  5830 | D:3      | Found Loiniso's Antique Armour Shoppe.
  5886 | D:3      | Reached XP level 5. HP: 37/37 MP: 5/5
  5922 | D:3      | Found a hide-covered altar of Uskayaw.
  5924 | D:3      | Found a glowing golden altar of the Shining One.
  5924 | D:3      | Found a snail-covered altar of Cheibriados.
  5926 | D:3      | Found a sparkling altar of Nemelex Xobeh.
  5926 | D:3      | Found a shimmering altar of Xom.
  5926 | D:3      | Found an opulent altar of Gozag.
  5951 | D:3      | Reached skill level 3 in Stealth
  6239 | D:3      | Found Saas's Armour Boutique.
  6827 | D:4      | Noticed an ogre
  6851 | D:4      | Killed an ogre
  6852 | D:4      | Reached skill level 4 in Stealth
  6852 | D:4      | Reached XP level 6. HP: 30/43 MP: 6/6
  7198 | D:4      | Found a stormy altar of Qazlal.
  7198 | D:4      | Noticed a sky beast
  7205 | D:4      | Killed a sky beast
  7206 | D:4      | Reached skill level 5 in Stealth
  7403 | D:4      | XOM: silly message
  7406 | D:5      | Entered Level 5 of the Dungeon
  7406 | D:5      | XOM: polymorph orc -> river rat
  7409 | D:5      | Noticed a water moccasin
  7415 | D:5      | HP: 1/43 [adder (2)]
  7425 | D:5      | XOM: fog
  7602 | D:5      | XOM: enchant monster (bad)
  7752 | D:4      | Reached skill level 6 in Stealth
  7752 | D:4      | Reached XP level 7. HP: 17/48 MP: 7/7
  8022 | D:5      | XOM: blink monster(s)
  8181 | D:4      | Reached skill level 5 in Short Blades
  8365 | D:4      | XOM: summons 2 hostile shadow creatures
  8374 | D:5      | Reached skill level 7 in Stealth
  8381 | D:5      | Splashed by a jelly's acid

Illustrated notes

Levels and vault maps discovered:
D:1:      dpeg_arrival_tiny_a, layout_loops_cross, st_stairs_11
D:2:      layout_basic, basic_altar, shapermc_ecumenical_altar_notcrosses,
          chequers_serial_rivers_large_a, st_stairs_13, fountainhead,
          minmay_tall_x
D:3:      layout_basic, doesnt_xom_only_xom, serial_shops, shop, shop,
          nicolae_shop_real_fake_doors, nicolae_shop_tiny_waterfront,
          kennysheep_generic_room_3
D:4:      layout_gridville, nicolae_qazlal_beasts_of_the_sky
D:5:      layout_layer_cave, kennysheep_little_box, enter_ossuary_5,
          uniq_crazy_yiuf_cottage

Skill      XL: |  1  2  3  4  5  6  7 |
---------------+----------------------+-----
Stealth        | 1 2 4 6 7 |  7.3
Short Blades   | 4 5 |  5.1
Dodging        | 3 4 |  4.3
Fighting       | 4 |  4.5

Action                     |  1- 3 |  4- 6 |  7- 9 || total
---------------------------+-------+-------+-------++-------
  Melee: Short sword       |    65 |    27 |       ||    92
         Constrict         |    17 |    20 |     6 ||    43
         Tentacles         |    10 |    12 |     7 ||    29
         Kick              |    12 |    32 |    11 ||    55
         Dagger            |       |    54 |    32 ||    86
         Punch             |       |       |     2 ||     2
    Use: Scroll            |     1 |     3 |       ||     4
         Potion            |       |     2 |     1 ||     3
   Stab: Sleeping          |     3 |    13 |       ||    16
 Armour: Skin              |    26 |    51 |    51 ||   128
  Dodge: Dodged            |    33 |    54 |    54 ||   141

Table legend: (Time is in decaauts)
 A = Elapsed time spent in this place.
 B = Non-inter-level travel time spent in this place.
 C = Inter-level travel time spent in this place.
 D = Time resting spent in this place.
 E = Time spent auto-exploring this place.
 F = Levels seen in this place.
 G = Mean time per level.
                   A        B        C        D        E       F      G
               +--------+--------+--------+--------+--------+-----+--------+
         Total |   8385 |   8161 |    224 |   4933 |   2582 |   5 | 1677.0 |
       Dungeon |   8385 |   8161 |    224 |   4933 |   2582 |   5 | 1677.0 |
               +--------+--------+--------+--------+--------+-----+--------+

Top non-repeatable levels by time:
     D:1: 4441 daAuts
     D:4: 1734 daAuts
     D:2: 1084 daAuts
     D:3: 1067 daAuts
     D:5: 58 daAuts
